 Dungeon Crawl Stone Soup version 0.30-a0-424-g7412bad402 (webtiles) character file.

Game seed: 15354377398662617296

1733 Lobster4 the Summoner (level 9, -6/52 HPs)
             Began as a Tengu Summoner on Dec 9, 2022.
             Was an Initiate of Hepliaklqana.
             Killed from afar by a gargoyle (25 damage)
             ... with a stone arrow
             ... on level 6 of the Dungeon.
             The game lasted 00:24:32 (5757 turns).

Lobster4 the Summoner (Tengu Summoner)              Turns: 5757, Time: 00:24:32

Health: -6/52      AC:  5    Str:  9    XL:     9   Next: 5%
Magic:  3/17       EV: 15    Int: 19    God:    Hepliaklqana [......]
Gold:   267        SH:  5    Dex: 15    Spells: 11/17 levels left

rFire   . . .      SeeInvis .    a - +2 spear (vamp)
rCold   . . .      Faith    .    (no shield)
rNeg    . . .      Spirit   .    g - +2 robe {Will+}
rPois   .          Reflect  +    (helmet restricted)
rElec   .          Harm     .    (no cloak)
rCorr   +          Rampage  .    w - +0 pair of gloves
Will    +....                    (boots unavailable)
Stlth   ++........               i - amulet of reflection
HPRegen 0.28/turn                v - ring of resist corrosion
MPRegen 0.15/turn                (no ring)

@: mighty, flying quickly and evasively, quick
A: beak, talons 3, nimble flight
a: Renounce Religion


You were on level 6 of the Dungeon.
You worshipped Hepliaklqana.
Hepliaklqana was noncommittal.
You visited 1 branch of the dungeon, and saw 6 of its levels.

You collected 267 gold pieces.

Inventory:

Hand Weapons
 a - a +2 vampiric spear (weapon)
 b - a +0 sling
 d - a +0 dagger
 h - a +0 shortbow
 k - a +0 short sword
 x - a +0 short sword of venom
Missiles
 c - 3 atropa-tipped darts
 l - 2 boomerangs
Armour
 g - a +2 robe of willpower (worn)
 q - the +0 leather armour of Xettokli {SInv}
   (You found it on level 3 of the Dungeon)

   SInv:      It lets you see invisible.
 s - a +0 robe
 w - a +0 pair of gloves (worn)
 z - +0 steam dragon scales
 A - a +2 kite shield
Jewellery
 i - an amulet of reflection (around neck)
 n - a ring of ice
 v - a ring of resist corrosion (left hand)
Wands
 y - a wand of light (2)
Scrolls
 e - a scroll of poison
 f - 3 scrolls of fear
 m - 3 scrolls of teleportation
 u - a scroll of blinking
Potions
 j - 2 potions of curing
 o - 2 potions of might
 p - a potion of lignification
 r - a potion of brilliance
 t - a potion of magic


   Skills:
 + Level 4.6 Fighting
 - Level 1.0 Short Blades
 - Level 1.0 Polearms
 - Level 3.0 Armour
 - Level 3.0 Dodging
 - Level 3.0 Stealth
 + Level 3.0 Shields
 + Level 4.7 Spellcasting
 * Level 9.7 Summonings


You had 11 spell levels left.
You knew the following spells:

 Your Spells              Type           Power      Damage    Failure   Level
a - Summon Small Mammal   Summ           100%       N/A       1%          1
b - Call Imp              Summ           41%        N/A       1%          2
c - Call Canine Familiar  Summ           41%        N/A       1%          3

Your spell library contained the following spells:

 Spells                   Type           Power      Damage    Failure   Level
 Summon Guardian Golem    Hex/Summ       23%        N/A       5%          3
 Freeze                   Ice            16%        1d4       13%         1
 Magic Dart               Conj           16%        1d3       13%         1
 Summon Lightning Spire   Summ/Air       23%        N/A       17%         4
 Blink                    Tloc           8%         N/A       19%         2
 Momentum Strike          Conj/Tloc      8%         3d8       19%         2
 Searing Ray              Conj           8%         2d4       19%         2
 Frozen Ramparts          Ice            8%         1d2       36%         3
 Hailstorm                Conj/Ice       4%         3d4       36%         3
 Lesser Beckoning         Tloc           8%         N/A       36%         3
 Fulminant Prism          Conj/Hex       2%         3d5       77%         4


Dungeon Overview and Level Annotations

Branches:
Dungeon (6/15)
 Temple: D:4-7

Altars:
Hepliaklqana
The Shining One

Shops:
D:1 *   D:2 (


Innate Abilities, Weirdness & Mutations

You have a beak for a mouth.
You have claws for feet.
Your magical nature lets you fly swiftly and evasively.


Message History

Your rat bites the gargoyle but does no damage.
Casting: Summon Small Mammal (safe; 1% risk of failure)
Confirm with . or Enter, or press ? or * to list all spells.
Your quokka bites the gargoyle but does no damage.
The gargoyle closely misses you.
Your crimson imp hits the gargoyle but does no damage.
Your rat bites the gargoyle but does no damage.
Unknown command.
You barely miss the gargoyle.
The gargoyle is heavily damaged.
Your quokka bites the gargoyle but does no damage.
The gargoyle hurls a stone arrow at you.
The stone arrow misses you. The stone arrow hits your wolf!
Your crimson imp hits the gargoyle but does no damage.
Your rat bites the gargoyle but does no damage.
You completely miss the gargoyle.
The gargoyle is heavily damaged.
Your quokka bites the gargoyle but does no damage.
The gargoyle hurls a stone arrow at you.
The stone arrow misses you. The stone arrow hits your wolf!
Your crimson imp barely misses the gargoyle.
Your rat bites the gargoyle but does no damage.
You swap places.
Your wolf bites the gargoyle but does no damage.
Your quokka bites the gargoyle but does no damage.
The gargoyle hits your wolf with a +0 mace!!
Your wolf dies!
Your wolf's corpse disappears in a puff of smoke!
Your crimson imp hits the gargoyle but does no damage.
Your rat bites the gargoyle but does no damage.
Casting: Call Canine Familiar (safe; 1% risk of failure)
Confirm with . or Enter, or press ? or * to list all spells.
Your quokka bites the gargoyle but does no damage. x2
Your crimson imp barely misses the gargoyle.
Your rat bites the gargoyle but does no damage.
Unknown command.
Your quokka bites the gargoyle.
The gargoyle hurls a stone arrow at you.
The stone arrow hits you!!
You die...

....#÷.§..# ..
....#)###.# .....
....#...#.## ...
###.###....# #.# ###
#.#....########^###..#
#####.#9r.#.<.........#
#...#.###.#...........#
#._.#.....#.hr........#
#....#####'..9.@......#
###### #..5r........#
################'#######
..........÷.........#
.....<..............#
..................<.#
....................#####
##################......#
#......#


You could see a gargoyle (ally target), a friendly hound (summoned), a friendly
crimson imp (summoned), a friendly quokka (summoned) and a friendly rat
(summoned).

Vanquished Creatures
  An ice beast (D:6)
  An ogre (D:4)
  A centaur (D:6)
  A bullfrog (D:6)
  A scorpion (D:6)
  3 jellies
  An orc priest (D:4)
  Terence (D:2)
  An orc wizard (D:4)
  A shadow imp (D:5)
  A dart slug (D:4)
  3 orcs
  4 endoplasms
  A giant cockroach (D:2)
  2 hobgoblins
  4 quokkas
  5 ball pythons
  5 bats
  6 frilled lizards
  3 goblins
  3 rats
49 creatures vanquished.

Vanquished Creatures (collateral kills)
  Sigmund (D:5)
  A steam dragon (D:6)
  A water moccasin (D:6)
  2 black bears (D:4)
  A centaur (D:6)
  A bullfrog (D:6)
  2 scorpions (D:6)
  A howler monkey (D:6)
  2 orc priests
  3 iguanas
  3 gnolls (D:5)
  5 adders
  3 dart slugs
  9 orcs
  2 ball pythons (D:4)
  A bat (D:2)
  4 endoplasms
  2 giant cockroaches
  3 goblins
  4 hobgoblins
  6 jackals (D:4)
  7 kobolds
  2 quokkas
  A frilled lizard (D:2)
67 creatures vanquished.

Grand Total: 116 creatures vanquished

Notes
Turn   | Place    | Note
-------+----------+-------------------------------------------
     0 | D:1      | Lobster4 the Tengu Summoner began the quest for the Orb.
     0 | D:1      | Reached XP level 1. HP: 10/10 MP: 4/4
   168 | D:1      | Reached skill level 5 in Summonings
   227 | D:1      | Reached XP level 2. HP: 15/15 MP: 3/6
   370 | D:1      | Learned a level 2 spell: Call Imp
   617 | D:1      | Reached XP level 3. HP: 20/20 MP: 7/7
   642 | D:1      | Found Viaplyon's Assorted Antiques.
   869 | D:2      | Reached skill level 1 in Armour
  1366 | D:2      | Noticed Terence
  1385 | D:2      | Killed Terence
  1386 | D:2      | Reached skill level 1 in Fighting
  1386 | D:2      | Reached XP level 4. HP: 4/25 MP: 2/8
  1610 | D:2      | Found Fuur's Weapon Shoppe.
  1897 | D:3      | Identified the +0 leather armour of Xettokli {SInv}
  2035 | D:3      | HP: 1/25 [orc priest/divine providence (14)]
  2201 | D:3      | Gained mutation: Your magical nature lets you fly swiftly
                  | and evasively. [Tengu growth]
  2201 | D:3      | Reached XP level 5. HP: 29/29 MP: 3/9
  2869 | D:4      | Noticed a black bear
  2966 | D:4      | Reached skill level 6 in Summonings
  3091 | D:4      | Noticed an ogre
  3281 | D:4      | Reached skill level 1 in Polearms
  3281 | D:4      | Reached XP level 6. HP: 22/35 MP: 3/11
  3471 | D:4      | Learned a level 3 spell: Call Canine Familiar
  3746 | D:4      | Killed a black bear
  3747 | D:4      | Reached XP level 7. HP: 40/40 MP: 4/12
  3943 | D:4      | Reached skill level 7 in Summonings
  4150 | D:5      | Entered Level 5 of the Dungeon
  4166 | D:5      | Noticed Sigmund
  4190 | D:5      | Killed Sigmund
  4615 | D:5      | Found a hazy altar of Hepliaklqana.
  4771 | D:5      | Reached skill level 8 in Summonings
  5168 | D:5      | Became a worshipper of Hepliaklqana the Forgotten
  5271 | D:6      | Found a glowing golden altar of the Shining One.
  5315 | D:6      | Reached skill level 1 in Short Blades
  5315 | D:6      | Reached XP level 8. HP: 46/46 MP: 7/14
  5325 | D:6      | Reached skill level 1 in Shields
  5506 | D:6      | Reached skill level 9 in Summonings
  5597 | D:6      | Noticed a gargoyle
  5730 | D:6      | Reached XP level 9. HP: 52/52 MP: 9/17
  5757 | D:6      | Killed from afar by a gargoyle

Illustrated notes

Levels and vault maps discovered:
D:1:      scummos_arrival_checkerplants, layout_loops_ring, serial_shops, shop,
          dreamdust_princess_bridge
D:2:      layout_loops_ring, serial_shops, nicolae_shop_advertising_works
          [nicolae_subvault_shop_adworks], uniq_terence
D:3:      layout_loops_ring, minmay_crystal_room, nrook_campfire, kennysheep_nub
D:4:      black_bear_nest_1, layout_loops_ring
D:5:      layout_loops_ring, nzn_hepliaklqana_mist_gate, uniq_sigmund
D:6:      cheibrodos_fzero, layout_gridville, mainiacjoe_overflow_swirl,
          gup_sewer_entry_bowl

Skill      XL: |  1  2  3  4  5  6  7  8 |
---------------+-------------------------+-----
Summonings     | 5 6 8 9 |  9.7
Armour         | 1 2 3 |  3.0
Fighting       | 1 2 3 4 |  4.6
Dodging        | 3 |  3.0
Polearms       | 1 |  1.0
Stealth        | 3 |  3.0
Spellcasting   | 3 4 |  4.7
Short Blades   | 1 |  1.0
Shields        | 3 |  3.0

Action                   |  1- 3 |  4- 6 |  7- 9 || total
-------------------------+-------+-------+-------++-------
Melee: Dagger            |    28 |       |       ||    28
       Peck              |    11 |     9 |     4 ||    24
       Kick              |    13 |     8 |    19 ||    40
       Short sword       |    19 |    10 |       ||    29
       Spear             |       |    46 |    59 ||   105
       Punch             |       |       |     1 ||     1
 Cast: Summon Small Mamm |    32 |    56 |    36 ||   124
       Call Imp          |     5 |    26 |    18 ||    49
       Call Canine Famil |       |     3 |    22 ||    25
  Use: Scroll            |       |     8 |     8 ||    16
       Potion            |       |       |     1 ||     1
 Stab: Distracted        |     2 |     1 |     2 ||     5
       Sleeping          |     1 |     5 |     1 ||     7
Armor: Robe              |     7 |       |    14 ||    21
       Leather armour    |       |     3 |       ||     3
Dodge: Dodged            |    35 |    39 |    47 ||   121
Block: Other             |       |     5 |    16 ||    21
       Reflection        |       |     2 |       ||     2

Table legend: (Time is in decaauts)
 A = Elapsed time spent in this place.
 B = Non-inter-level travel time spent in this place.
 C = Inter-level travel time spent in this place.
 D = Time resting spent in this place.
 E = Time spent auto-exploring this place.
 F = Levels seen in this place.
 G = Mean time per level.
                   A        B        C        D        E       F      G
               +--------+--------+--------+--------+--------+-----+--------+
         Total |   5555 |   5290 |    265 |    561 |   3163 |   6 |  925.8 |
       Dungeon |   5555 |   5290 |    265 |    561 |   3163 |   6 |  925.8 |
               +--------+--------+--------+--------+--------+-----+--------+

Top non-repeatable levels by time:
     D:4: 1487 daAuts
     D:5: 1147 daAuts
     D:2: 968 daAuts
     D:1: 853 daAuts
     D:3: 732 daAuts
     D:6: 365 daAuts
